 Dungeon Crawl Stone Soup version 0.30-a0-743-gbfdf073431 (webtiles) character file.

Game seed: 4430719707904567620

6348 cforsyth the Summoner (level 10, -11/50 HPs)
             Began as a Tengu Summoner on Feb 8, 2023.
             Was an Initiate of Gozag.
             Killed from afar by an electric eel (16 damage)
             ... with a bolt of electricity
             ... on level 9 of the Dungeon.
             The game lasted 00:31:32 (9738 turns).

cforsyth the Summoner (Tengu Summoner)              Turns: 9738, Time: 00:31:33

Health: -11/50     AC:  5    Str:  9    XL:     10   Next: 96%
Magic:  34/34      EV: 14    Int: 19    God:    Gozag
Gold:   279        SH:  0    Dex: 15    Spells: 17/30 levels left

rFire   . . .      SeeInvis .    (no weapon)
rCold   . . .      Faith    .    (no shield)
rNeg    . . .      Spirit   .    i - +1 robe {Will+}
rPois   .          Reflect  .    (helmet restricted)
rElec   .          Harm     .    c - +1 cloak
rCorr   .          Rampage  .    (no gloves)
Will    ++...                    (boots unavailable)
Stlth   ++                       (no amulet)
HPRegen 0.28/turn                l - ring of willpower
MPRegen 0.24/turn                x - ring of magical power

@: flying quickly and evasively, quick
A: beak, talons 3, nimble flight
a: Renounce Religion, Potion Petition, Call Merchant, Bribe Branch


You were on level 9 of the Dungeon.
You worshipped Gozag.
Gozag was aware of your devotion.
You visited 2 branches of the dungeon, and saw 10 of its levels.
You also visited: Sewer, Ossuary and Bailey.

You collected 626 gold pieces.
You spent 189 gold pieces at shops.
You paid 158 gold pieces to Gozag.

Inventory:

Missiles
 n - a throwing net
Armour
 a - a +0 robe
 c - a +1 cloak (worn)
 i - a +1 robe of willpower (worn)
Jewellery
 g - a ring of ice
 l - a ring of willpower (left hand)
 v - an amulet of guardian spirit
 x - a ring of magical power (right hand)
 K - a ring of see invisible
 M - a ring of positive energy
Wands
 z - a wand of digging (3)
 B - a wand of flame (24)
 J - a wand of charming (6)
 L - a wand of iceblast (8)
Scrolls
 h - 5 scrolls of teleportation
 j - 2 scrolls of amnesia
 k - 2 scrolls of enchant armour
 m - 2 scrolls of poison
 t - a scroll of magic mapping
 u - a scroll of silence
 w - a scroll of vulnerability
 y - a scroll of identify
 C - 2 scrolls of fog
 D - 3 scrolls of fear
 E - a scroll of immolation
Potions
 b - 2 potions of magic
 d - 4 potions of invisibility
 e - 4 potions of degeneration
 f - 7 potions of curing
 o - 4 potions of might
 p - 6 potions of heal wounds
 q - 2 potions of haste
 r - 3 potions of cancellation
 s - a potion of ambrosia
 A - 4 potions of mutation
 F - a potion of lignification
 G - a potion of attraction
 H - a potion of berserk rage
 I - a potion of experience


   Skills:
 - Level 2.1 Dodging
 - Level 2.0 Stealth
 + Level 10.7 Spellcasting
 + Level 14.3 Summonings


You had 17 spell levels left.
You knew the following spells:

 Your Spells              Type           Power      Damage    Failure   Level
a - Summon Small Mammal   Summ           100%       N/A       1%          1
b - Call Imp              Summ           59%        N/A       1%          2
c - Call Canine Familiar  Summ           59%        N/A       1%          3
d - Summon Guardian Gole  Hex/Summ       37%        N/A       1%          3
e - Summon Lightning Spi  Summ/Air       37%        N/A       3%          4

Your spell library contained the following spells:

 Spells                   Type           Power      Damage    Failure   Level
 Beastly Appendage        Tmut           20%        N/A       7%          1
 Sublimation of Blood     Necr           10%        N/A       11%         2
 Wereblood                Tmut           10%        N/A       11%         2
 Gell's Gravitas          Tloc           10%        N/A       21%         3
 Spider Form              Tmut/Pois      10%        N/A       21%         3
 Teleport Other           Tloc           10%        N/A       21%         3
 Petrify                  Tmut/Erth      10%        N/A       56%         4
 Irradiate                Conj/Tmut      5%         3d13      88%         5
 Dispersal                Tloc           5%         N/A       100%        6


Dungeon Overview and Level Annotations

Branches:
Dungeon (9/15)             Temple (1/1) D:6           Sewer (visited)
Ossuary (visited)          Bailey (visited)
   Lair: D:8-11         Orc: D:9-12

Altars:
Cheibriados
Dithmenos
Elyvilon
Gozag
Hepliaklqana
Kikubaaqudgha
Makhleb
Nemelex Xobeh
Okawaru
Qazlal
Ru
Sif Muna
Trog
Uskayaw
Vehumet
Wu Jian
Xom
Yredelemnul
Zin
The Shining One

Shops:
D:1 !   D:2 ?   D:4 *


Innate Abilities, Weirdness & Mutations

You have a beak for a mouth.
You have claws for feet.
Your magical nature lets you fly swiftly and evasively.


Message History

Found two scale mails.
The electric eel shoots out a bolt of lightning at you!
The bolt of electricity misses you.
Unknown command.
The electric eel shoots out a bolt of lightning at you!
The bolt of electricity hits you. The bolt of electricity hits you!
You miss the electric eel. You peck the electric eel.
The electric eel is moderately wounded.
Unknown command.
You miss the electric eel. Your peck misses the electric eel.
The electric eel is moderately wounded.
The electric eel shoots out a bolt of lightning at you!
The bolt of electricity hits you. The bolt of electricity misses you.
The bolt of electricity hits the electric eel.
The electric eel completely resists.
Unknown command.
Unknown command.
You hit the electric eel but do no damage.
Your kick misses the electric eel.
The electric eel is moderately wounded.
The electric eel shoots out a bolt of lightning at you!
The bolt of electricity hits you! The bolt of electricity misses you.
The bolt of electricity hits the electric eel.
The electric eel completely resists.
What are your orders? t - Shout!
Orders for allies: a - Attack new target. r - Retreat! s - Stop attacking. g - Guard the area. f - Follow me.
Anything else - Cancel.
Gang up on whom?
Press: ? - help, Dir - move target, f - electric eel
Aim: an electric eel (water, moderately wounded, ally target) Attack!
The electric eel shoots out a bolt of lightning at you!
The bolt of electricity hits you!
* * * LOW HITPOINT WARNING * * *
The bolt of electricity hits you!
You die...
Your body crumbles into a pile of gold.

.# #.# .## #.# #≈[#
..#######.# #≈[#
#......##.# ###≈.#
######....# #..≈.#
#####..# #.#≈.######
#......## #.#≈..?....
#.####..###h#S≈≈≈≈≈≈≈
#.......@.....#
###...#######.# ###.#
#... ###.# .# #


You could see an electric eel (ally target) and a friendly warg (summoned).

Vanquished Creatures
  A ball python (D:3)
  An endoplasm (D:1)
  A quokka (D:2)
  3 bats (D:1)
  A goblin (D:2)
  A jackal zombie (Ossuary)
  A kobold (D:1)
  2 orc zombies (Ossuary)
  A rat (D:1)
12 creatures vanquished.

Vanquished Creatures (collateral kills)
  Erica (D:9)
  4 yaks (D:9)
  A water moccasin (D:7)
  2 sky beasts
  2 orc warriors (Bailey)
  2 ice beasts (D:6)
  4 black bears
  A phantom (D:4)
  A kobold brigand (Sewer)
  3 elf zombies (Ossuary)
  4 bullfrogs
  A necrophage (D:6)
  7 wights (D:7)
  2 scorpions
  A centaur zombie (Ossuary)
  4 hounds
  2 jellies
  A gnoll bouda (D:6)
  2 orc priests
  2 iguanas (D:6)
  7 orc wizards
  2 mummies (Ossuary)
  8 gnolls
  6 adders
  A river rat (Sewer)
  A white imp (D:8)
  2 ufetubi
  An adder zombie (Ossuary)
  2 worms
  5 dart slugs
  24 orcs
  4 endoplasms
  5 giant cockroaches
  16 goblins
  5 hobgoblins
  5 jackals
  24 kobolds
  5 quokkas
  6 ball pythons
  12 bats
  6 frilled lizards
  A goblin zombie (Ossuary)
  6 hobgoblin zombies (Ossuary)
  3 jackal zombies (Ossuary)
  12 kobold zombies (Ossuary)
  6 orc zombies (Ossuary)
  9 rats
  A rat zombie (Ossuary)
232 creatures vanquished.

Vanquished Creatures (others)
  An orc warlord (Bailey)
  An ugly thing (D:7)
  Grinder (D:5)
  A yak (D:9)
  A water moccasin (D:5)
  3 orc warriors
  A black bear (D:6)
  An ogre (D:6)
  2 wights (D:7)
  4 plants (D:1)
16 creatures vanquished.

Grand Total: 260 creatures vanquished

Notes
Turn   | Place    | Note
-------+----------+-------------------------------------------
     0 | D:1      | cforsyth the Tengu Summoner began the quest for the Orb.
     0 | D:1      | Reached XP level 1. HP: 10/10 MP: 4/4
   123 | D:1      | Reached skill level 5 in Summonings
   171 | D:1      | Reached XP level 2. HP: 8/15 MP: 3/6
   174 | D:1      | Learned a level 2 spell: Call Imp
   617 | D:1      | Found Qit Laca's Distillery.
   627 | D:1      | Reached XP level 3. HP: 19/19 MP: 4/7
   652 | D:1      | Bought a potion of curing for 30 gold pieces
   652 | D:1      | Bought a potion of degeneration for 10 gold pieces
   685 | D:1      | Learned a level 3 spell: Call Canine Familiar
  1482 | D:2      | Reached XP level 4. HP: 21/24 MP: 6/9
  2012 | D:2      | Found The Oracle's Delphic Readings.
  2079 | D:3      | Reached skill level 6 in Summonings
  3277 | D:4      | Gained mutation: Your magical nature lets you fly swiftly
                  | and evasively. [Tengu growth]
  3277 | D:4      | Reached XP level 5. HP: 28/28 MP: 7/11
  3279 | D:4      | Noticed a phantom
  3281 | D:4      | Learned a level 3 spell: Summon Guardian Golem
  3299 | D:4      | Killed a phantom
  3377 | D:4      | Found Ohuisu's Assorted Antiques.
  3392 | D:4      | Bought a murky inky potion for 20 gold pieces
  3392 | D:4      | Bought a golden potion for 20 gold pieces
  3392 | D:4      | Bought a murky inky potion for 20 gold pieces
  3392 | D:4      | Bought a fuming amethyst potion for 20 gold pieces
  3392 | D:4      | Bought a scroll labelled ATEQA XOOROCHO for 23 gold pieces
  3392 | D:4      | Bought a scroll labelled DEBBYADGH ERCHY for 23 gold pieces
  3679 | D:4      | Reached XP level 6. HP: 31/32 MP: 11/13
  3756 | D:4      | Reached skill level 7 in Summonings
  3944 | D:4      | Bought a scroll labelled GIREOJ QYSEAG for 23 gold pieces
  3952 | D:5      | Entered Level 5 of the Dungeon
  3965 | D:5      | Noticed a water moccasin
  3987 | D:5      | Killed a water moccasin
  4042 | D:5      | Noticed Grinder
  4077 | D:5      | Killed Grinder
  4078 | D:5      | Reached skill level 5 in Spellcasting
  4078 | D:5      | Reached skill level 8 in Summonings
  4078 | D:5      | Reached XP level 7. HP: 24/36 MP: 16/16
  4351 | D:5      | Found an ornate altar of the Wu Jian Council.
  4886 | D:6      | Reached XP level 8. HP: 41/41 MP: 17/17
  4930 | D:6      | Reached skill level 9 in Summonings
  5056 | D:6      | Found a glowing drain.
  5067 | Sewer    | Entered a sewer
  5266 | Sewer    | Found a white marble altar of Elyvilon.
  5396 | D:6      | Found a staircase to the Ecumenical Temple.
  5425 | Temple   | Entered the Ecumenical Temple
  5722 | D:6      | Reached skill level 10 in Summonings
  5961 | D:6      | Reached XP level 9. HP: 42/45 MP: 21/21
  5966 | D:6      | Learned a level 4 spell: Summon Lightning Spire
  6555 | D:7      | Noticed a green ugly thing
  6557 | D:7      | Reached skill level 11 in Summonings
  6566 | D:7      | Killed a green ugly thing
  6685 | D:7      | Found a sand-covered staircase.
  6693 | Ossuary  | Entered an ossuary
  7106 | D:7      | Reached skill level 12 in Summonings
  7753 | D:7      | Reached XP level 10. HP: 50/50 MP: 24/24
  7918 | D:8      | Found a flagged portal.
  7970 | Bailey   | Entered a bailey
  8055 | Bailey   | Noticed an orc warlord
  8360 | Bailey   | Found a runed translucent gate.
  8361 | Bailey   | Found a runed translucent gate.
  8362 | Bailey   | Found a runed translucent gate.
  8472 | Bailey   | Killed an orc warlord
  8473 | Bailey   | Reached skill level 13 in Summonings
  8755 | D:8      | Reached skill level 10 in Spellcasting
  9295 | D:8      | Found an opulent altar of Gozag.
  9295 | D:8      | Found an iron altar of Okawaru.
  9295 | D:8      | Found a shadowy altar of Dithmenos.
  9302 | D:8      | Became a worshipper of Gozag Ym Sagoz the Greedy
  9369 | D:9      | Reached skill level 14 in Summonings
  9370 | D:9      | Noticed Erica
  9373 | D:9      | Killed Erica
  9738 | D:9      | Killed from afar by an electric eel

Illustrated notes

Levels and vault maps discovered:
D:1:      nicolae_arrival_washed_ashore, layout_loops_ring, serial_forest,
          infiniplex_forest_clump_curved, infiniplex_forest_end_2,
          infiniplex_forest_lined_room_, infiniplex_forest_end_2,
          infiniplex_forest_clump_curved, infiniplex_forest_straight_3,
          serial_shops, shop, hangedman_abyss_or_decor_lesser_grid
D:2:      layout_rooms, minmay_misc_feat_x, nicolae_nh_oracle_at_delphi
D:3:      layout_basic
D:4:      layout_rooms, serial_shops, nicolae_shop_window_shopping,
          glass_columns_a, bh_walls_and_bars
D:5:      layout_cave_pools, lemuel_crystal_altar, roderic_batcave, uniq_grinder
D:6:      layout_basic, minmay_temple_entry_purple_smoke, portal_sewer_entry_d,
          grunt_ministairs_5
D:7:      layout_gridville, chequers_ossuary_entry_cave
D:8:      layout_basic, gammafunk_temple_overflow_claw, enter_bailey_5
D:9:      layout_basic, nicolae_overflow_squiral, centaur_isle, uniq_erica
Temple:   compressed_dpeg_triangle_lava_temple

Skill      XL: |  1  2  3  4  5  6  7  8  9 10 |
---------------+-------------------------------+-----
Summonings     | 5 6 8 10 12 14 | 14.3
Spellcasting   | 3 4 5 7 9 10 | 10.7
Dodging        | |  2.1
Stealth        | |  2.0

Action                     |  1- 3 |  4- 6 |  7- 9 | 10-12 || total
---------------------------+-------+-------+-------+-------++-------
  Melee: Unarmed           |    32 |    18 |    34 |     7 ||    91
         Peck              |     8 |     3 |    11 |     3 ||    25
         Kick              |     7 |     4 |    10 |     1 ||    22
         Punch             |       |       |     2 |       ||     2
   Cast: Summon Small Mamm |    39 |    29 |    44 |    12 ||   124
         Call Imp          |    14 |    15 |    19 |     6 ||    54
         Call Canine Famil |       |    16 |    30 |    18 ||    64
         Summon Guardian G |       |     2 |    10 |     7 ||    19
         Summon Lightning  |       |       |     2 |     5 ||     7
    Use: Scroll            |       |       |    10 |    12 ||    22
         Potion            |       |       |     1 |       ||     1
   Stab: Sleeping          |     1 |       |     1 |       ||     2
         Distracted        |       |       |     1 |       ||     1
 Armour: Robe              |    25 |     6 |    18 |     5 ||    54
  Dodge: Dodged            |    41 |    37 |    72 |    31 ||   181

Table legend: (Time is in decaauts)
 A = Elapsed time spent in this place.
 B = Non-inter-level travel time spent in this place.
 C = Inter-level travel time spent in this place.
 D = Time resting spent in this place.
 E = Time spent auto-exploring this place.
 F = Levels seen in this place.
 G = Mean time per level.
                   A        B        C        D        E       F      G
               +--------+--------+--------+--------+--------+-----+--------+
         Total |   9321 |   9006 |    315 |    510 |   5724 |  13 |  717.0 |
       Dungeon |   7979 |   7672 |    307 |    325 |   5237 |   9 |  886.6 |
        Temple |    248 |    240 |      8 |      0 |    214 |   1 |  248.0 |
         Sewer |    223 |    223 |      0 |      0 |    148 |   1 |  223.0 |
       Ossuary |    329 |    329 |      0 |      6 |     83 |   1 |  329.0 |
        Bailey |    540 |    540 |      0 |    179 |     40 |   1 |  540.0 |
               +--------+--------+--------+--------+--------+-----+--------+

Top non-repeatable levels by time:
     D:1: 1296 daAuts
     D:3: 1203 daAuts
     D:6: 1123 daAuts
     D:7: 920 daAuts
     D:8: 792 daAuts
     D:4: 788 daAuts
     D:2: 778 daAuts
     D:5: 676 daAuts
  Bailey: 540 daAuts
     D:9: 401 daAuts
 Ossuary: 329 daAuts
  Temple: 248 daAuts
   Sewer: 223 daAuts
